 Dungeon Crawl Stone Soup version 0.27.1-34-g3ba077fa99 (webtiles) character file.

Game seed: 12097724953150225047

79 Cykl0x the Slasher (level 4, -1/27 HPs)
             Began as a Gargoyle Gladiator on Jan 13, 2022.
             Killed by divine providence
             ... invoked by an orc priest
              (13 damage)
             ... on level 3 of the Dungeon.
             The game lasted 00:03:07 (2471 turns).

Cykl0x the Slasher (Gargoyle Gladiator)             Turns: 2471, Time: 00:03:08

Health: -1/27      AC:  7    Str: 18    XL:     4   Next: 37%
Magic:  5/5        EV: 12    Int:  9    God:
Gold:   93         SH:  0    Dex: 11    Spells: 5/5 levels left

rFire    . . .     SeeInvis .   a - +0 long sword
rCold    . . .     Faith    .   (no shield)
rNeg     + . .     Spirit   .   b - +0 leather armour
rPois    ∞         Reflect  .   c - +0 helmet
rElec    +         Harm     .   (no cloak)
rCorr    .         Rampage  .   (no gloves)
Will     .....                  (no boots)
Stlth    +.........             (no amulet)
HPRegen  0.09/turn              (no ring)
MPRegen  0.09/turn              (no ring)

@: no status effects
A: sickness immunity, AC +3, negative energy resistance 1, electricity
resistance, torment resistance 1, petrification resistance
a: no special abilities


You were on level 3 of the Dungeon.
You visited 1 branch of the dungeon, and saw 3 of its levels.

You collected 93 gold pieces.

Inventory:

Hand Weapons
 a - a +0 long sword (weapon)
Missiles
 d - 3 throwing nets
 e - 95 stones
 h - 2 poisoned darts (quivered)
Armour
 b - a +0 leather armour (worn)
 c - a +0 helmet (worn)
Wands
 i - a wand of digging (4)
Scrolls
 l - a scroll of fog {unknown}
Potions
 g - a potion of ambrosia {unknown}
 j - a potion of mutation
 k - a potion of flight


   Skills:
 + Level 2.4 Fighting
 + Level 3.2 Long Blades
 + Level 2.3 Throwing
 * Level 1.9 Armour
 + Level 2.7 Dodging
 * Level 1.0 Spellcasting


You had 5 spell levels left.
You didn't know any spells.
Your spell library contained the following spells:

 Spells                   Type           Power      Damage    Failure   Level
 Static Discharge         Conj/Air       0%         N/A       54%         2
 Lightning Bolt           Conj/Air       0%         1d11      100%        5
 Maxwell's Capacitive Co  Air            0%         ∞         100%        8


Dungeon Overview and Level Annotations

Branches:
Dungeon (3/15)

Altars:

Shops:
D:1 (


Innate Abilities, Weirdness & Mutations

You are immune to sickness and miasma.
Your stone body is resilient. (AC +3)
You are immune to poison.
You resist negative energy. (rN+)
You are resistant to electric shocks. (rElec)
You are resistant to unholy torment.
You are immune to petrification.


Message History

No target in view!
No target in view!
No target in view!
You barely miss something. Something hits you but does no damage.
You closely miss something.
You hear some strange, mumbled words.
A puff of flame appears from out of thin air!
The puff of flame hits you!
You barely miss something.
You hear some strange, mumbled words.
A puff of flame appears from out of thin air!
The puff of flame misses you. Something hits you but does no damage.
You barely miss something. Something hits you but does no damage.
You miss something.
You hear some strange, mumbled words.
A magic dart appears from out of thin air!
The magic dart hits you.
You closely miss something.
You hear some strange, mumbled words.
You are confused.
You miss something. Something hits you but does no damage.
You hear some strange, mumbled words.
A puff of flame appears from out of thin air!
The puff of flame hits you. Something hits you.
You hear some strange, mumbled words.
Something tries to affect you, but you resist.
Something hits you but does no damage.
You bump into the rock wall.
You feel less confused. Something barely misses you.
Found a stone staircase leading up.
A magic dart appears from out of thin air!
The magic dart hits you.
An orc and an orc priest come into view.
The orc priest shouts!
The orc shouts!
You hear a shout!
The orc priest mumbles some strange prayers to Beogh against you.
Beogh smites you!
You die...

#.# #.# #<#
#.# #.# #.#
########.#
..o.o...@#
#.######.#
#.######.#
#.##...{(#
####......((#
#........####
#.#####..#
#.# #.....
#.# #.#####


You could see an orc priest and an orc.

Vanquished Creatures
  3 adders (D:2)
  A worm (D:2)
  A dart slug (D:1)
  3 giant cockroaches (D:1)
  6 goblins
  8 hobgoblins
  6 kobolds
  2 quokkas
  7 ball pythons
  3 bats
  A frilled lizard (D:1)
  5 rats
46 creatures vanquished.

Notes
Turn   | Place    | Note
-------+----------+-------------------------------------------
     0 | D:1      | Cykl0x the Gargoyle Gladiator began the quest for the Orb.
     0 | D:1      | Reached XP level 1. HP: 12/12 MP: 1/1
   487 | D:1      | Reached XP level 2. HP: 17/17 MP: 2/2
   506 | D:1      | Found Ynuremug's Weapon Boutique.
  1196 | D:1      | Reached skill level 1 in Armour
  1204 | D:1      | Reached XP level 3. HP: 13/21 MP: 3/3
  1548 | D:2      | Reached skill level 3 in Long Blades
  1748 | D:2      | Reached XP level 4. HP: 26/27 MP: 3/5
  2013 | D:2      | Reached skill level 1 in Spellcasting
  2187 | D:2      | Found a faded altar of an unknown god.
  2471 | D:3      | Killed from afar by an orc priest

Illustrated notes

Levels and vault maps discovered:
D:1:      shiori_arrival_oz, layout_basic, serial_shops, nicolae_shop_trees,
          minmay_split_cup_small
D:2:      layout_basic, shapermc_ecumenical_altar_mp_vishouse,
          minmay_heptomino_l4
D:3:      layout_loops_ring, fedhas_altar_3, nrook_mini_vaults, uniq_terence,
          uniq_grinder

Skill      XL: |  1  2  3  4 |
---------------+-------------+-----
Armour         | 1 |  1.9
Throwing       | 2 |  2.3
Long Blades    | 3 |  3.2
Spellcasting   | 1 |  1.0
Fighting       | |  2.4
Dodging        | |  2.7

Action                   |  1- 3 |  4- 6 || total
-------------------------+-------+-------++-------
Melee: Long sword        |    78 |    37 ||   115
Throw: Stone             |    13 |       ||    13
       Dart              |    22 |    26 ||    48
  Use: Scroll            |     8 |       ||     8
       Potion            |       |     1 ||     1
Armor: Leather armour    |    26 |    22 ||    48
Dodge: Dodged            |    55 |    21 ||    76
       Rpst.: Long sword |    16 |     5 ||    21
